 Dungeon Crawl Stone Soup version 0.31-a0-233-g139696dc86 (webtiles) character file.

Game seed: 12545702053567512084

35 qw the Shooter (level 3, -5/21 HPs)
             Began as a Gargoyle Hexslinger on July 9, 2023.
             Slain by a gnoll
             ... wielding a +0 spear
              (6 damage)
             ... on level 2 of the Dungeon.
             The game lasted 00:00:20 (881 turns).

qw the Shooter (Gargoyle Hexslinger)                 Turns: 881, Time: 00:00:21

Health: -5/21      AC:  6    Str: 11    XL:     3   Next: 33%
Magic:  4/4        EV: 11    Int: 13    God:
Gold:   79         SH:  0    Dex: 14    Spells: 3/4 levels left

rFire   . . .        Y - +1 sling
rCold   . . .        (no shield)
rNeg    + . .        h - +0 leather armour
rPois   inf          (no helmet)
rElec   +            (no cloak)
rCorr   .            (no gloves)
SInv    .            (no boots)
Will    .....        (no amulet)
Stlth   +            (no ring)
HPRegen 0.23/turn    (no ring)
MPRegen 0.09/turn

%: no passive effects
@: no status effects
A: sickness immunity, AC +3, negative energy resistance 1, electricity
resistance, torment resistance 1, petrification resistance
a: no special abilities


You were on level 2 of the Dungeon.
You visited 1 branch of the dungeon, and saw 2 of its levels.

You collected 79 gold pieces.


Innate Abilities, Weirdness & Mutations

You are immune to sickness and miasma.
Your stone body is resilient. (AC +3)
You are immune to poison.
You resist negative energy. (rN+)
You are resistant to electric shocks. (rElec)
You are resistant to unholy torment.
You are immune to petrification.


   Skills:
 - Level 2.0 Fighting
 + Level 3.2 Ranged Weapons
 - Level 1.5 Dodging
 - Level 1.0 Spellcasting
 - Level 2.6 Hexes


You had 3 spell levels left.
You knew the following spells:

 Your Spells              Type           Power      Damage    Failure   Level
a - Slow                  Hex            28%        N/A       12%         1

Your spell library contained the following spells:

 Spells                   Type           Power      Damage    Failure   Level
 Inner Flame              Hex/Fire       4%         N/A       54%         3
 Portal Projectile        Hex/Tloc       8%         N/A       54%         3
 Cause Fear               Hex            3%         N/A       77%         4

Inventory:

Hand Weapons
 Y - a +1 sling (weapon)
Armour
 h - a +0 leather armour (worn)
Potions
 e - a potion of might {unknown}

Dungeon Overview and Level Annotations

Branches:
Dungeon (2/15)

Altars:


Message History

a +0 club; a stone; a kobold corpse You now have 79 gold pieces (gained 13).
A gnoll comes into view. It is wielding a +0 flail.
The gnoll shouts!
You shoot a sling bullet.
The sling bullet hits the gnoll but does no damage.
A dart slug comes into view.
A gnoll comes into view. It is wielding a +0 whip.
You shoot a sling bullet. The sling bullet hits the gnoll.
The gnoll is moderately wounded.
You hear a shout!
You shoot a sling bullet. The sling bullet hits the gnoll.
The gnoll is heavily wounded.
An endoplasm comes into view.
You shoot a sling bullet.
The sling bullet closely misses the gnoll.
The gnoll misses you.
A gnoll comes into view. It is wielding a +0 spear.
876 ||| Stepping ~*~*~tactically~*~*~ (outnumbered).
The gnoll attacks as you move away! The gnoll hits you with a +0 flail.
You shoot a sling bullet. The sling bullet hits the gnoll.
The gnoll is almost dead.
The gnoll hits you with a +0 flail!
You shoot a sling bullet. The sling bullet hits the gnoll.
You kill the gnoll!
You shoot a sling bullet.
The sling bullet hits the gnoll but does no damage.
The gnoll is moderately wounded.
The gnoll hits you with a +0 whip. The gnoll hits you but does no damage.
The gnoll closely misses you.
The gnoll hits you from afar with a +0 spear.
You shoot a sling bullet. The sling bullet hits the gnoll.
The gnoll is severely wounded.
The gnoll hits you but does no damage. The gnoll barely misses you.
You shoot a sling bullet.
The sling bullet hits the gnoll but does no damage.
The gnoll is severely wounded.
The gnoll hits you with a +0 whip.
The gnoll hits you from afar with a +0 spear.
You die...

#.###..###
..# #..#
..# #..#
######..#
#...#
##.#.#
##..#.#
#..##.#
#@## .#
#g# .#
#.....g.#
..
.J.w.J#..
..
........##
..... ###
####. #


You could see 2 gnolls and an endoplasm.

Vanquished Creatures
  A gnoll (D:2)
  A dart slug (D:1)
  3 endoplasms (D:1)
  A giant cockroach (D:1)
  A goblin (D:1)
  2 hobgoblins (D:1)
  3 jackals (D:1)
  4 kobolds
  4 frilled lizards (D:1)
20 creatures vanquished.

Notes
Turn   | Place    | Note
-------+----------+-------------------------------------------
     0 | D:1      | qw the Gargoyle Hexslinger began the quest for the Orb.
     0 | D:1      | Reached XP level 1. HP: 12/12 MP: 2/2
     0 | D:1      | 0 ||| qw: Version: 0.3-a-51-g015441d
     0 | D:1      | 0 ||| qw: Game counter: 3828
     0 | D:1      | 0 ||| qw: Melee chars always use a shield: true
     0 | D:1      | 0 ||| qw: God list: Okawaru
     0 | D:1      | 0 ||| qw: Allow faded altars: false
     0 | D:1      | 0 ||| qw: Do Orc after clearing Dungeon:15 true
     0 | D:1      | 0 ||| qw: Do second Lair branch before Depths: true
     0 | D:1      | 0 ||| qw: Lair rune preference: random
     0 | D:1      | 0 ||| qw: Goals: Normal
     0 | D:1      | 0 ||| PLANNING D:1-11
   143 | D:1      | Reached XP level 2. HP: 16/16 MP: 3/3
   219 | D:1      | Reached skill level 3 in Ranged Weapons
   669 | D:1      | 669 ||| UPGRADING to +0 leather armour.
   679 | D:1      | 679 ||| DROPPING +0 robe.
   680 | D:1      | 680 ||| DROPPING ring of magical power.
   681 | D:1      | 681 ||| READING scroll labelled ZERYG RISEZE.
   686 | D:1      | 686 ||| READING scroll labelled EPHORCHETIL.
   687 | D:1      | 687 ||| READING scroll labelled BIUMEH JOEWK.
   788 | D:1      | 788 ||| DROPPING scroll of poison.
   811 | D:2      | Reached XP level 3. HP: 11/21 MP: 4/4
   876 | D:2      | 876 ||| Stepping ~*~*~tactically~*~*~ (outnumbered).
   879 | D:2      | HP: 3/21 [gnoll/+0 spear (6)]
   881 | D:2      | HP: 1/21 [gnoll/+0 whip (3)]
   881 | D:2      | Slain by a gnoll

Levels and vault maps discovered:
D:1:      elethiomel_arrival_shortcut, layout_loops_cross, serial_forest,
          infiniplex_forest_straight_1, infiniplex_forest_clump_small,
          infiniplex_forest_straight_2, infiniplex_forest_lined_3,
          infiniplex_forest_lined_2, infiniplex_forest_clump_medium,
          st_stairs_10, minmay_split_cup_small
D:2:      layout_rooms, hellmonk_ecumenical_altar_crossroads, serial_shops,
          nicolae_shop_getting_attention, shop, grunt_ministairs_12,
          uniq_crazy_yiuf_cottage, uniq_terence

Skill      XL: |  1  2 |
---------------+-------+-----
Ranged Weapons | 3 |  3.2
Fighting       | 2 |  2.0
Dodging        | |  1.5
Spellcasting   | |  1.0
Hexes          | |  2.6

Action                     || total
---------------------------++-------
   Fire: Sling             ||    89
    Use: Scroll            ||     3
 Armour: Robe              ||    17
         Leather armour    ||     7
  Dodge: Dodged            ||    38

Table legend:
 A = Non-vault XP
 B = Vault XP
 C = Vault XP percentage of total XP
 D = Non-vault monster count
 E = Vault monster count
 F = Vault count percentage of total count
                 A         B        C        D         E       F
            +---------+---------+-------+---------+---------+-------
      Total |      38 |      12 |  24.0 |      13 |       7 |  35.0
            +---------+---------+-------+---------+---------+-------
        D:1 |      21 |      12 |  36.4 |      11 |       7 |  38.9
        D:2 |      17 |       0 |   0.0 |       2 |       0 |   0.0
            +---------+---------+-------+---------+---------+-------
